 Dungeon Crawl Stone Soup version 0.31.0-12-g77e489cdc1 (webtiles) character file.

Game seed: 5885570223686751729

91 KKCryptic the Chopper (level 4, 0/42 HPs)
             Began as a Minotaur Monk on Feb 13, 2024.
             Slain by a goblin
             ... wielding a +0 club
             ... led by Robin
              (3 damage)
             ... on level 2 of the Dungeon.
             The game lasted 00:04:24 (1660 turns).

KKCryptic the Chopper (Minotaur Monk)               Turns: 1660, Time: 00:04:25

Health: 0/42       AC:  3    Str: 18    XL:     4   Next: 34%
Magic:  3/3        EV: 12    Int:  7    God:
Gold:   111        SH:  0    Dex: 12    Spells: 3/3 levels left

rFire   . . .        a - +0 hand axe
rCold   . . .        d - orb {light}
rNeg    . . .        n - +0 leather armour
rPois   .            (helmet restricted)
rElec   .            (no cloak)
rCorr   .            (no gloves)
SInv    .            (no boots)
Will    .....        (no amulet) Stlth
                     (no ring)
HPRegen 0.27/turn    (no ring)
MPRegen 0.08/turn

%: no passive effects
@: confused, lethally poisoned (0 -> -7), ambrosia-drunk, glowing
A: horns 2, retaliatory headbutt
a: no special abilities


You were on level 2 of the Dungeon.
You visited 1 branch of the dungeon, and saw 2 of its levels.

You collected 111 gold pieces.

Inventory:

Hand Weapons
 a - a +0 hand axe (weapon)
Missiles
 k - 2 poisoned darts (quivered)
Armour
 d - an orb of light (worn)
 n - a +0 leather armour (worn)
Scrolls
 i - a scroll of noise {unknown}
 j - a scroll of amnesia {unknown}
 m - a scroll of acquirement {unknown}
Potions
 e - a potion of degeneration {unknown}
 f - a potion of lignification {unknown}
 g - 2 potions of attraction
 h - a potion of curing {unknown}
 l - 3 potions of enlightenment {unknown}


   Skills:
 - Level 5.0 Fighting
 + Level 5.3 Axes
 - Level 3.2 Dodging


You had 3 spell levels left.
You didn't know any spells.
Your spell library contained the following spells:

 Spells                   Type           Power      Damage    Failure   Level
 Kiss of Death            Conj/Necr      0%         2d5       50%         1
 Confusing Touch          Hex            0%         N/A       86%         3
 Volatile Blastmotes      Fire/Tloc      0%         2d10      86%         3
 Dispel Undead            Necr           0%         3d6       99%         4
 Fulminant Prism          Conj/Alch      0%         3d5       99%         4
 Iskenderun's Mystic Bla  Conj/Tloc      0%         2d3       99%         4


Dungeon Overview and Level Annotations

Branches:
Dungeon (2/15)

Altars:

Annotations:
D:2 Robin


Innate Abilities, Weirdness & Mutations

You have a pair of horns on your head.
You reflexively headbutt those who attack you in melee.


Message History

You are more poisoned.
You are confused.
You feel invigorated.
* * * LOW HITPOINT WARNING * * *
You feel very sick. The rat closely misses you.
The goblin hits you with a +0 dagger.
* * * LOW HITPOINT WARNING * * *
The goblin closely misses you.
You bump into the rock wall.
* * * LOW HITPOINT WARNING * * *
You feel very sick. The rat misses you. The goblin hits you with a +0 dagger.
* * * LOW HITPOINT WARNING * * *
The goblin barely misses you. The goblin misses you.
You slash the goblin!
You kill the goblin!
You barely miss the rat. You hit the goblin but do no damage.
You hit the goblin.
You kill the goblin!
* * * LOW HITPOINT WARNING * * *
You feel very sick. The rat bites you but does no damage.
The goblin barely misses you.
You closely miss the hobgoblin. You headbutt the hobgoblin.
You kill the hobgoblin!
You closely miss the goblin. You hit the rat.
You kill the rat!
* * * LOW HITPOINT WARNING * * *
You feel very sick. Robin throws the goblin at you!
The goblin hits you with a +0 club.
* * * LOW HITPOINT WARNING * * *
Press: ? - help, v - describe, . - travel
Here: a goblin, wielding a +0 dagger (strong, haloed)
The floor.
Okay, then.
You closely miss the goblin. x2; You feel sick.
The goblin closely misses you. The goblin hits you with a +0 club.
* * * LOW HITPOINT WARNING * * *
The goblin closely misses you. The goblin hits you but does no damage.
The goblin hits you with a +0 club.
You die...

##...## #..
##+## ### #.#
# #.# #
######.## #
#.......#### #
#. #........ .
..g###g###...#
#
...g.gg@g....#
######)####..#
#.####..#
#.......#
######.## #.#
#.# #.# #.#


You could see Robin, a hobgoblin (strong) and 4 goblins.

Vanquished Creatures
  An iguana (D:2)
  2 adders (D:2)
  A dart slug (D:2)
  An orc (D:2)
  An endoplasm (D:1)
  2 giant cockroaches (D:1)
  7 goblins
  7 hobgoblins
  A jackal (D:2)
  A quokka (D:1)
  7 ball pythons
  3 bats
  3 frilled lizards
  3 kobolds
  8 rats
48 creatures vanquished.

Notes
Turn   | Place    | Note
-------+----------+-------------------------------------------
     0 | D:1      | KKCryptic the Minotaur Monk began the quest for the Orb.
     0 | D:1      | Reached XP level 1. HP: 19/19 MP: 0/0
   171 | D:1      | Reached XP level 2. HP: 27/27 MP: 1/1
  1304 | D:2      | Reached XP level 3. HP: 20/34 MP: 2/2
  1308 | D:2      | Reached XP level 4. HP: 22/41 MP: 3/3
  1309 | D:2      | Reached skill level 5 in Fighting
  1411 | D:2      | Reached skill level 5 in Axes
  1649 | D:2      | Noticed Robin
  1660 | D:2      | Slain by a goblin

Illustrated notes

Levels and vault maps discovered:
D:1:      lightli_iron_boxes, layout_basic, minmay_tree_intersection,
          dreamdust_princess_corridor, minmay_strange_pillars
D:2:      minmay_wonky_spiral, layout_loops_corners, basic_altar,
          minmay_between, uniq_robin

Skill      XL: |  1  2  3  4 |
---------------+-------------+-----
Fighting       | 4 5 |  5.0
Axes           | 4 5 |  5.3
Dodging        | |  3.2

Action                     |  1- 3 |  4- 6 || total
---------------------------+-------+-------++-------
  Melee: Hand axe          |    53 |    21 ||    74
         Headbutt          |     7 |     6 ||    13
  Throw: Dart              |     2 |       ||     2
    Use: Scroll            |     2 |       ||     2
         Potion            |       |     1 ||     1
 Armour: Robe              |    17 |       ||    17
         Leather armour    |       |    21 ||    21
  Dodge: Dodged            |    46 |    18 ||    64
